 Dungeon Crawl Stone Soup version 0.27.1-33-g824d729ab1 (webtiles) character file.

Game seed: 3114550497320028212

1705 zeram the Cleaver (level 9, 0/70 HPs)
             Began as a Hill Orc Fighter on Nov 27, 2021.
             Slain by a water moccasin (1 damage)
             ... on level 7 of the Dungeon.
             The game lasted 00:07:40 (7056 turns).

zeram the Cleaver (Hill Orc Fighter)                Turns: 7056, Time: 00:07:41

Health: 0/70       AC: 11    Str: 22      XL:     9   Next: 3%
Magic:  9/9        EV:  8    Int:  6 (8)  God:
Gold:   378        SH: 11    Dex:  7 (8)  Spells: 8/8 levels left

rFire    . . .     SeeInvis .   a - +1 war axe
rCold    . . .     Faith    .   c - +1 kite shield
rNeg     + . .     Spirit   .   b - +0 scale mail
rPois    .         Reflect  .   (no helmet)
rElec    .         Harm     .   i - +2 cloak
rCorr    .         Rampage  .   (no gloves)
Will     .....                  (no boots)
Stlth    ..........             (no amulet)
HPRegen  0.21/turn              g - ring of positive energy
MPRegen  0.11/turn              (no ring)

@: mighty, lethally poisoned (0 -> -21), about to teleport
A: clumsy 1
a: no special abilities


You were on level 7 of the Dungeon.
You visited 1 branch of the dungeon, and saw 7 of its levels.

You collected 378 gold pieces.

Inventory:

Hand Weapons
 a - a +1 war axe (weapon)
Armour
 b - a +0 scale mail (worn)
 c - a +1 kite shield (worn)
 i - a +2 cloak (worn)
Jewellery
 g - a ring of positive energy (left hand)
 k - a ring of flight
Wands
 l - a wand of iceblast (11)
 n - a wand of digging (4)
Scrolls
 h - a scroll of immolation {unknown}
 j - 2 scrolls of identify {unknown}
Potions
 e - 2 potions of attraction


   Skills:
 - Level 3.6 Fighting
 + Level 9.6 Axes
 + Level 7.6 Armour
 + Level 1.9 Dodging
 + Level 6.7 Shields


You had 8 spell levels left.
You didn't know any spells.
Your spell library contained the following spells:

 Spells                   Type           Power      Damage    Failure   Level
 Static Discharge         Conj/Air       0%         N/A       99%         2
 Animate Dead             Necr           0%         N/A       100%        4
 Dispel Undead            Necr           0%         3d6       100%        4
 Sticky Flame             Conj/Fire      0%         2d3       100%        4
 Haunt                    Necr/Summ      0%         N/A       100%        7
 Infestation              Necr           0%         N/A       100%        8


Dungeon Overview and Level Annotations

Branches:
Dungeon (7/15)
 Temple: D:4-7

Altars:
Nemelex Xobeh
Sif Muna

Annotations:
D:6 2 transporters, spaced's ghost, novice DjFE


Innate Abilities, Weirdness & Mutations

You are clumsy. (Dex -2)


Message History

The water moccasin is severely wounded.
You hit the water moccasin.
You feel very sick.
The water moccasin bites you but does no damage.
The water moccasin bites you. x2
You are more poisoned.
The water moccasin poisons you! The water moccasin bites you.
You barely miss the water moccasin.
The water moccasin is severely wounded.
You miss the water moccasin.
You feel very sick. The water moccasin bites you.
You are more poisoned.
The water moccasin poisons you! You block the water moccasin's attack.
The water moccasin bites you!
Your shield and scale mail prevent you from hitting the water moccasin.
The water moccasin is severely wounded.
You slash the water moccasin!
* * * LOW HITPOINT WARNING * * *
You feel extremely sick.
The water moccasin bites you but does no damage.
You block the water moccasin's attack.
An orc comes into view. It is wielding a +0 whip.
The water moccasin bites you.
* * * LOW HITPOINT WARNING * * *
As you read the scroll of teleportation, it crumbles to dust.
You feel strangely unstable.
* * * LOW HITPOINT WARNING * * *
You feel very sick. The water moccasin bites you.
* * * LOW HITPOINT WARNING * * *
You are more poisoned.
The water moccasin poisons you!
The water moccasin completely misses you.
You block the water moccasin's attack.
You feel very mighty all of a sudden.
* * * LOW HITPOINT WARNING * * *
You feel very sick. The water moccasin bites you.
You die...

...S..........#.....##...........
#........#.....###########.
##....######............ .
##.....##......#..#######
#.....o.#........##
##........####.### ##........#
### #........### #..###..5S@#
#### ##..S## ##.## ###


You could see 2 water moccasins, a shadow imp and an orc.

Vanquished Creatures
  A water moccasin (D:7)
  2 black bears
  A necrophage (D:6)
  An ice beast (D:4)
  3 sky beasts
  2 ogres
  A kobold brigand (D:4)
  A bullfrog (D:5)
  A scorpion (D:6)
  2 jellies (D:5)
  3 orc priests
  3 hounds
  2 iguanas
  2 scorpion zombies (D:5)
  4 orc wizards
  A mummy (D:6)
  3 gnolls (D:5)
  6 adders
  A white imp (D:3)
  A dart slug (D:1)
  13 orcs
  4 endoplasms
  7 giant cockroaches
  4 hobgoblins
  2 quokkas
  4 ball pythons
  4 bats
  2 frilled lizards
  8 goblins
  2 kobolds (D:3)
  2 kobold zombies (D:6)
  A rat (D:1)
94 creatures vanquished.

Vanquished Creatures (others)
  An orc wizard (D:3)
  An orc (D:3)
2 creatures vanquished.

Grand Total: 96 creatures vanquished

Notes
Turn   | Place    | Note
-------+----------+-------------------------------------------
     0 | D:1      | zeram the Hill Orc Fighter began the quest for the Orb.
     0 | D:1      | Reached XP level 1. HP: 19/19 MP: 1/1
   243 | D:1      | Reached skill level 3 in Axes
   243 | D:1      | Reached XP level 2. HP: 24/26 MP: 2/2
   407 | D:1      | Found a faded altar of an unknown god.
   865 | D:2      | Reached XP level 3. HP: 23/31 MP: 3/3
   946 | D:2      | Noticed a black bear
   954 | D:2      | Killed a black bear
   955 | D:2      | Reached skill level 4 in Axes
   955 | D:2      | Reached XP level 4. HP: 6/39 MP: 4/4
   955 | D:2      | Reached XP level 5. HP: 7/45 MP: 5/5
  1727 | D:3      | Reached skill level 5 in Axes
  1727 | D:3      | Reached XP level 6. HP: 15/51 MP: 6/6
  2024 | D:3      | Reached skill level 5 in Armour
  2355 | D:3      | You fall into a shaft and drop 3 floors!
  2364 | D:6      | Reached skill level 1 in Dodging
  2364 | D:6      | Reached skill level 5 in Shields
  2416 | D:5      | Entered Level 5 of the Dungeon
  2644 | D:5      | Reached skill level 6 in Axes
  2644 | D:5      | Reached XP level 7. HP: 39/57 MP: 7/7
  3462 | D:5      | Reached skill level 7 in Axes
  4158 | D:5      | Reached XP level 8. HP: 64/64 MP: 8/8
  4607 | D:4      | Reached skill level 8 in Axes
  5871 | D:6      | Gained mutation: You are clumsy. (Dex -2) [potion of
                  | mutation]
  5876 | D:6      | Reached skill level 9 in Axes
  6390 | D:6      | Found a sparkling altar of Nemelex Xobeh.
  6475 | D:6      | Found a shimmering blue altar of Sif Muna.
  6693 | D:6      | Noticed a queen bee
  6697 | D:6      | Noticed spaced's ghost (novice DjFE)
  6698 | D:6      | Noticed a hornet
  6721 | D:6      | Found a transporter.
  6725 | D:6      | Found a transporter.
  6853 | D:7      | Reached XP level 9. HP: 35/70 MP: 9/9
  7056 | D:7      | HP: 1/70 [poisoned by a water moccasin]
  7056 | D:7      | Slain by a water moccasin

Illustrated notes

Levels and vault maps discovered:
D:1:      shiori_shiawase, layout_basic, hellmonk_ecumenical_altar_prayer_group
D:2:      layout_rooms
D:3:      layout_loops_ring, serial_shops, shop, chequers_arboretum,
          lemuel_old_faithful
D:4:      minmay_evil_eye, layout_loops_corners
D:5:      layout_loops_corners, minmay_quadrilaterals
D:6:      layout_rooms, amcnicky_altar_gilded, kennysheep_mini_moat,
          nicolae_ossuary_entry_giza, gammafunk_ghost_hive, eino_curves_03
D:7:      layout_cave_pools, zin_purify, minmay_temple_entry_mini_moons,
          serial_park, serial_park_square3 [serial_park_minivault_5x5_4],
          serial_park_tiny_pond, serial_park_square1
          [serial_park_minivault_5x5_8], serial_park_square3
          [serial_park_minivault_5x5_8], uniq_duvessa, uniq_crazy_yiuf_cottage

Skill      XL: |  1  2  3  4  5  6  7  8 |
---------------+-------------------------+-----
Axes           | 3 4 5 6 7 9 |  9.6
Shields        | 4 5 6 |  6.7
Armour         | 4 5 6 7 |  7.6
Dodging        | 1 |  1.9
Fighting       | |  3.6

Action                   |  1- 3 |  4- 6 |  7- 9 || total
-------------------------+-------+-------+-------++-------
Melee: War axe           |    54 |   114 |   246 ||   414
  Use: Scroll            |     3 |     3 |     3 ||     9
       Potion            |     1 |       |     7 ||     8
Armor: Scale mail        |    27 |    67 |    88 ||   182
       Skin              |       |       |     1 ||     1
Dodge: Dodged            |    27 |    54 |    65 ||   146
Block: Kite shield       |    37 |    59 |   136 ||   232
